 Dungeon Crawl Stone Soup version 0.14-a0-1254-g249fea6 (webtiles) character file.

120 Jenx the Magician (level 3, -6/32 HPs)
             Began as a Djinni Wizard on Dec 2, 2013.
             Killed from afar by an orc wizard (9 damage)
             ... with a magic dart
             ... on Level 3 of the Dungeon.
             The game lasted 00:08:18 (2168 turns).

Jenx the Magician (Djinni Wizard)                   Turns: 2168, Time: 00:08:19

HP  -6/32        AC  2     Str  7      XL: 3   Next: 82%
MP   0/0         EV 12     Int 19      God:
Gold 60          SH  0     Dex 11      Spells:  5 memorised,  1 level left

rFire  + + +     SeeInvis .     a - +0 long sword
rCold  x . .     Clarity  .     k - +0 robe
rNeg   + + +     Conserve .     (no shield)
rPois  .         rCorr    .     b - +0 wizard hat
rElec  .         rRot     .     (no cloak)
SustAb . .       Spirit   .     (no gloves)
rMut   .         Warding  .     (boots unavailable)
Saprov . . .     Stasis   .     (no amulet)
                                (no ring)
                                (no ring)

@: flying, very slightly contaminated, not resistant to hostile enchantments,
unstealthy
A: fire immunity, cold vulnerability, life protection 3
a: no special abilities


You were on level 3 of the Dungeon.
You were not hungry.

You visited 1 branch of the dungeon, and saw 3 of its levels.

You collected 60 gold pieces.

Inventory:

Hand weapons
 a - a +0,+0 long sword (weapon)
Missiles
 d - 5 darts of flame (quivered)
Armour
 b - a +0 wizard hat (worn)
 k - a +0 robe (worn)
Scrolls
 g - 3 scrolls of teleportation
 i - 2 scrolls of remove curse
 j - a scroll of blinking {unknown}
 l - a scroll of fog {unknown}
 m - a scroll of noise {unknown}
 n - a scroll of random uselessness {unknown}
 o - 3 scrolls of enchant armour {unknown}
Potions
 e - 2 potions of might {unknown}
 f - 3 potions of curing {unknown}
 h - 2 potions of brilliance {unknown}
Books
 c - a book of Minor Magic

   Spells                             Type                      Level
   *Magic Dart                        Conjuration                  1
   *Blink                             Translocation                2
   *Call Imp                          Summoning                    2
   Repel Missiles                     Charms/Air                   2
   Slow                               Hexes                        2
   *Conjure Flame                     Conjuration/Fire             3
   *Mephitic Cloud                    Conjuration/Poison/Air       3


   Skills:
 - Level 1.7 Dodging
 - Level 1.5 Stealth
 - Level 5.0 Spellcasting
 + Level 2.2 Conjurations
 - Level 1.0 Summonings
 - Level 1.0 Translocations


You had one spell level left.
You knew the following spells:

 Your Spells              Type           Power        Failure   Level  Hunger
a - Magic Dart            Conj           ##..         6%          1    None
b - Call Imp              Summ           #.........   14%         2    None
c - Mephitic Cloud        Conj/Pois/Air  #.......     28%         3    ###....
d - Blink                 Tloc           N/A          14%         2    None
e - Conjure Flame         Conj/Fire      #.......     28%         3    ###....


Dungeon Overview and Level Annotations

Branches:
Dungeon (3/16)

Altars:
Kikubaaqudgha
Jiyva


Innate Abilities, Weirdness & Mutations

You are immune to all types of fire, even holy and hellish.
You are vulnerable to cold.
You need no food.
You have no legs.
You are immune to negative energy.


Message History

Press: ? - help, Shift-Dir - straight line, f/p - orc wizard
Aim: an orc wizard, wielding an orcish dagger and wearing an orcish robe (lightly wounded, moving very quickly)
You miscast Magic Dart.
Nothing appears to happen.
The orc wizard hits you with an orcish dagger.
You feel a bit more experienced.
The orc wizard hits you but does no damage.
You barely miss the orc wizard.
The orc wizard is lightly wounded.
The orc wizard casts a spell at you. The magic dart hits you!
The orc wizard hits you with an orcish dagger.
* * * LOW HITPOINT WARNING * * *
You barely miss the orc wizard.
The orc wizard is lightly wounded.
The orc wizard gestures at you while chanting.
The magic dart hits you!
* * * LOW HITPOINT WARNING * * *
The orc wizard casts a spell at you. The magic dart hits you!
You die...

.. .# #. .#
.. .# ##.#.#
....#
###§##...#
..oo§§....#
#o.# ###@.#
#....# ###..#
#..# #..#
###.## ..
#...##
.....##.##.#
............#


You could see an orc wizard.

Vanquished Creatures
  Jessica (D:2)
  5 oozes
  An orc (D:3)
  7 bats
  5 goblins
  3 hobgoblins
  5 kobolds
  2 giant newts (D:1)
  4 jackals (D:1)
  4 rats
37 creatures vanquished.

Vanquished Creatures (collateral kills)
  A goblin (D:1)
  A kobold (D:1)
2 creatures vanquished.

Grand Total: 39 creatures vanquished

Notes
Turn   | Place    | Note
--------------------------------------------------------------
     0 | D:1      | Jenx, the Djinni Wizard, began the quest for the Orb.
     0 | D:1      | Reached XP level 1. HP: 15/15 MP: 0/0
   694 | D:1      | Reached XP level 2. EP: 21/23
   702 | D:1      | Learned a level 2 spell: Call Imp
  1257 | D:2      | Reached skill level 4 in Spellcasting
  1479 | D:2      | Learned a level 2 spell: Blink
  1580 | D:2      | Noticed Jessica
  1586 | D:2      | Killed Jessica
  1586 | D:2      | Reached XP level 3. EP: 13/31
  1842 | D:2      | Found an ancient bone altar of Kikubaaqudgha.
  2008 | D:3      | Found a viscous altar of Jiyva.
  2070 | D:3      | Reached skill level 5 in Spellcasting
  2082 | D:3      | Learned a level 3 spell: Mephitic Cloud
  2086 | D:3      | Learned a level 3 spell: Conjure Flame
  2168 | D:3      | Killed from afar by an orc wizard

Action                   || total
-------------------------++-------
Melee: Whip              ||    37
       Mace              ||    63
       Long sword        ||    45
Throw: Dart              ||    24
 Cast: Magic Dart        ||    23
       Call Imp          ||     2
       Mephitic Cloud    ||     1
  Use: Scroll            ||     4
